Map: Ruins of Endion

Players

Fropez - Winner!

  • Race: Protoss Protoss
  • League: Silver
  • Spawn Location: 7:00

Jibai

  • Race: Terran Terran
  • League: Silver
  • Spawn Location: 5:00

VOD

Have the link to the VOD?

Description

Time

  • Played on: May 27, 2016, 10:51 a.m.
  • Length: 12:41
Show
View Real Time Build Order
Export as new Build Order

Fropez Protoss - Winner!

Build Orders:  

Get SALT Encoding   

  12  0:01  Probe (Chrono Boost)  
  13  0:15  Pylon  
  13  0:18  Probe (Chrono Boost)  
  15  0:28  Probe (Chrono Boost)  
  15  0:38  Gateway  
  15  0:39  Probe (Chrono Boost)  
  16  0:45  Assimilator  
  17  0:50  Probe (Chrono Boost)  
  17  1:00  Probe (Chrono Boost)  
  18  1:06  Pylon  
  18  1:11  Probe (Chrono Boost)  
  19  1:21  Probe (Chrono Boost)  
  20  1:25  Cybernetics Core  
  20  1:32  Probe (Chrono Boost)  
  21  1:33  Pylon  
  21  1:35  Assimilator  
  21  1:42  Probe (Chrono Boost)  
  22  1:53  Probe (Chrono Boost)  
  23  2:04  Warp Gate (Chrono Boost), Mothership Core (Chrono Boost)  
  25  2:13  Gateway, Stalker  
  27  2:22  Probe (Chrono Boost)  
  28  2:29  Pylon  
  28  2:33  Probe (Chrono Boost)  
  29  2:43  Pylon  
  29  2:44  Probe  
  29  2:45  Stalker  
  32  2:56  Probe  
  33  3:05  Stalker  
  34  3:13  Probe  
  34  3:14  Forge  
  34  3:16  Pylon  
  34  3:18  Stalker  
  37  3:29  Probe  
  38  3:49  Probe  
  38  3:55  Protoss Ground Weapons Level 1 (Chrono Boost)  
  39  4:01  Probe  
  40  4:07  Gateway, Stalker x2  
  44  4:12  Pylon  
  44  4:13  Probe  
  45  4:51  Gateway  
  45  4:53  Probe  
  45  4:55  Twilight Council  
  45  4:57  Pylon  
  46  5:00  Photon Cannon  
  46  5:08  Nexus, Stalker  
  46  5:21  Stalker  
  46  5:22  Stalker  
  40  5:49  Stalker x3  
  42  5:51  Blink (Chrono Boost)  
  42  5:52  Protoss Ground Weapons Level 2 (Chrono Boost)  
  38  6:08  Probe  
  35  6:20  Probe  
  36  6:31  Stalker  
  36  6:32  Stalker x3  
  44  6:34  Probe x2  
  46  6:56  Pylon  
  46  6:59  Assimilator  
  46  7:02  Assimilator  
  46  7:12  Probe x2  
  48  7:20  Stalker x4  
  49  7:49  Stalker x3  
  49  7:50  Stalker  
  49  8:01  Mothership Core (Chrono Boost)  
  51  8:11  Robotics Facility  
  51  8:12  Photon Cannon  
  51  8:14  Pylon  
  51  8:16  Probe (Chrono Boost)  
  52  8:26  Stalker x3  
  58  8:27  Stalker  
  58  9:08  Immortal  
  56  9:12  Stalker x3  
  56  9:13  Pylon, Stalker  
  58  10:02  Pylon  
  58  10:05  Warp Prism  
  60  10:11  Gateway  
  58  10:21  Stalker x4  
  64  10:24  Nexus  
  64  10:27  Assimilator  
  62  10:29  Assimilator  
  56  10:53  Pylon, Gateway  
  56  10:55  Immortal  
  56  11:05  Stalker x3  
  60  11:15  Stalker x2  
  60  11:41  Stalker x4  
  62  12:08  Stalker x2  
  62  12:09  Stalker  
  66  12:18  Pylon  
Show
View Real Time Build Order
Export as new Build Order

Jibai Terran 

Build Orders:  

Get SALT Encoding   

  12  0:02  SCV  
  13  0:14  SCV  
  14  0:26  SCV  
  15  0:33  Supply Depot  
  15  0:42  Refinery  
  15  0:47  Engineering Bay  
  15  0:57  Barracks  
  15  0:59  SCV  
  16  1:11  SCV  
  16  1:14  Supply Depot  
  17  1:23  SCV  
  18  1:26  Refinery  
  18  1:35  SCV  
  19  1:46  Missile Turret  
  19  1:47  SCV  
  20  1:59  Barracks Reactor  
  20  2:00  SCV  
  21  2:20  Factory  
  21  2:22  Orbital Command  
  21  2:28  Supply Depot  
  21  2:37  Marine x2  
  23  2:49  Missile Turret  
  23  2:51  SCV  
  23  2:54  Terran Infantry Weapons Level 1  
  24  3:11  Marine x2  
  26  3:14  Factory Reactor  
  26  3:19  Starport  
  26  3:21  Supply Depot  
  26  3:23  SCV  
  27  3:33  Marine x2  
  29  3:51  Marine x2  
  31  4:05  Factory Reactor  
  31  4:08  Bunker  
  31  4:09  Marine x2  
  33  4:13  Supply Depot  
  33  4:15  Medivac  
  35  4:17  Medivac  
  37  4:27  Marine  
  37  4:28  Marine  
  39  4:44  Marine  
  38  5:01  Barracks  
  38  5:02  Factory Tech Lab  
  38  5:04  Liberator x2  
  38  5:05  Marine x2  
  39  5:23  Marine x2  
  39  5:26  Siege Tank  
  49  5:41  Marine x2  
  45  5:58  Marine  
  45  5:59  Marine  
  45  6:16  Marine x2  
  47  6:20  Liberator  
  47  6:34  Marine x2  
  47  6:36  Siege Tank  
  55  6:57  Supply Depot  
  55  7:01  Liberator  
  55  7:18  Marine x2  
  55  7:20  Supply Depot  
  60  7:36  Marine x2  
  56  7:44  Liberator x2  
  52  7:54  Marine x2  
  57  8:07  Siege Tank  
  57  8:11  Marine x2  
  62  8:17  Command Center  
  62  8:29  Marine x2  
  64  8:40  Siege Tank  
  67  8:47  Marine x2  
  68  8:56  Medivac  
  51  9:12  Siege Tank  
  44  9:17  Marine x2, Liberator  
  35  9:35  Marine x2  
  38  9:48  Marine x2  
  37  9:53  Marine x2  
  34  10:06  Marine x2  
  32  10:11  Marine x2  
  24  10:24  Marine x2  
  22  10:28  Marine  
  22  10:29  Marine  
  20  10:42  Marine x2  
  20  10:46  Marine x2  
  18  10:59  Marine  
  18  11:00  Marine  
  17  11:04  Marine x2  
  15  11:17  Marine x2  
  11  11:22  Marine x2  
  11  11:35  Marine  
  12  11:41  Marine  
  12  11:42  Marine x2  
  14  11:53  Marine  
  11  11:59  Marine x2  
  11  12:00  Marine  
  8  12:11  Marine  
  6  12:17  Marine x3  
Tags
 
Matchup
PvT
Replay Pack
All Mines
Spawn Locations
Close Positions
Add a new tag
Caveats
  • Supply blocks, unpowered buildings, or Contaminate may cause inaccurate times.
  • Supply counts are checked every 10 seconds.